 Dungeon Crawl Stone Soup version 0.20-a0-494-gf50ee04 (webtiles) character file.

5420 Muumios the Fighter (level 10, 0/87 HPs)
             Began as a Mummy Chaos Knight on Jan 17, 2017.
             Slain by a porcupine (10 damage)
             ... on level 8 of the Dungeon.
             The game lasted 00:21:43 (8302 turns).

Muumios the Fighter (Mummy Chaos Knight)            Turns: 8302, Time: 00:21:44

Health: 0/87       AC:  9    Str: 15    XL:     10   Next: 40%
Magic:  19/19      EV: 13    Int: 11    God:    Xom [.*....]
Gold:   0          SH:  0    Dex: 16    Spells: 9/9 levels left

rFire    x . .     SeeInvis .   l - +2 spear (venom)
rCold    + . .     Gourm    .   n - +3 leather armour
rNeg     + + +     Faith    .   (no shield)
rPois    ∞         Spirit   .   d - +1 helmet
rElec    .         Reflect  .   i - +0 cloak
rCorr    .         Harm     .   (no gloves)
MR       +....                  (no boots)
Stlth    +.........             (no amulet)
Regen    0.3/turn               f - ring of poison resistance
                                j - ring of magical power

@: no status effects
A: no food or potions, fire vulnerability, cold resistance 1, negative energy
resistance 3, torment resistance, unbreathing
a: Renounce Religion


You were on level 8 of the Dungeon.
You worshipped Xom.
You were a plaything of Xom.
You were not hungry.

You visited 1 branch of the dungeon, and saw 10 of its levels.
You also visited: Bailey.

You collected 330 gold pieces.
You spent 330 gold pieces at shops.

Inventory:

Hand Weapons
 l - a +2 spear of venom (weapon)
 p - a +0 blowgun
Armour
 d - a +1 helmet (worn)
 i - a +0 cloak (worn)
 n - a +3 leather armour (worn)
Jewellery
 f - a ring of poison resistance (right hand)
 j - a ring of magical power (left hand)
Wands
 a - a wand of digging (4/24)
 c - a wand of acid (1/15)
 h - a wand of flame (14/48)
 m - a wand of paralysis (0/24)
 q - a wand of paralysis (0/24)
Scrolls
 g - a scroll of amnesia
 s - a scroll of remove curse


   Skills:
 * Level 11.0 Fighting
 * Level 9.3 Polearms
 - Level 1.5 Armour
 + Level 3.3 Dodging


You had 9 spell levels left.
You didn't know any spells.

Dungeon Overview and Level Annotations

Branches:
Dungeon (10/15)            Temple (0/1) D:4            Lair (0/6) D:8
    Orc: D:9-12

Altars:
Cheibriados
Elyvilon
Gozag
Okawaru
Sif Muna
Uskayaw
Xom
Yredelemnul
The Shining One

Shops:
D:4 :   D:6 }

Annotations:
D:2 Terence
D:3 lupus83's ghost, amateur MiBe
D:4 M4edhros's ghost, amateur OpAr
D:8 Erica; Maurice; Prince Ribbit


Innate Abilities, Weirdness & Mutations

You do not eat or drink.
Your flesh is vulnerable to fire.
You are immune to poison.
Your flesh is cold resistant. (rC+)
You are immune to negative energy. (rN+++)
You are immune to unholy pain and torment.
You can survive without breathing.


Message History

* * * LOW HITPOINT WARNING * * *
Something steals your +2 spear of freezing!
Unknown command.
Unknown command.
Evoke which item? (* to show all) (? for menu, Esc to quit)
Aiming: Corrosive Bolt
Press: ? - help, Shift-Dir - straight line The bolt of acid hits something.
The acid corrodes something!
The bolt of acid misses the porcupine.
This wand has 1 charge left.
You hear some strange, mumbled words.
Unknown command.
Unknown command.
You hit something. Something hits you.
* * * LOW HITPOINT WARNING * * *
Something steals your book of Summonings!
Evoke which item? (* to show all) (? for menu, Esc to quit)
Aiming: Paralyse (will waste charges)
Press: ? - help, Shift-Dir - straight line Nothing appears to happen.
The porcupine bites you!
You die...

.# ..# ##...#.# # #.# ##.##.####
###...... ### #..#### ##.## #..#
# #. ##O#†## #Y.#### .# #.
##.###r## #.....# .# #. ##r##
##.####.##># ## #.##### #@##
##r###.##.. ..##c....## #{##
##.##W##.. ......)...# #.#
##O#@##.r #.##.)∩)..# #.#
########r...P. ......)...# ##
#..>##Z...@... ..##....(.#
#....y...Fh... ..###.###(#
#............... ..#
#....W########....P..........
#Y###...@F$..................t...


You could see an ogre and a porcupine.

Vanquished Creatures
  Joseph (D:8)
  A slime creature (D:9)
  A wyvern (D:10)
  6 yaks (D:9)
  A hungry ghost (D:9)
  Menkaure (D:4)
  A porcupine (D:8)
  4 orc warriors
  A sky beast (D:6)
  2 ice beasts (D:8)
  A black bear (D:6)
  A phantom (D:6)
  A necrophage (D:6)
  3 ogres (D:6)
  6 centaurs
  Blork the orc (D:5)
  3 bullfrogs
  8 killer bees (D:8)
  3 howler monkeys
  3 wights (D:3)
  4 crimson imps
  2 bullfrog zombies
  A quasit (D:5)
  2 bullfrog skeletons (D:7)
  6 hounds
  An iguana (D:9)
  Ijyb (D:3)
  3 centaur skeletons
  An orc wizard (D:9)
  4 worker ants
  A killer bee zombie (D:7)
  A hound zombie (D:5)
  A hound skeleton (D:4)
  Robin (D:2)
  7 gnolls
  8 adders
  2 shadow imps
  An ooze (shapeshifter) (D:3)
  An ooze (D:2)
  2 adder zombies
  2 adder skeletons
  2 worms (D:2)
  8 dart slugs
  5 leopard geckos
  16 orcs
  4 bats
  4 giant cockroaches
  22 goblins
  9 hobgoblins
  8 jackals
  2 quokkas
  2 frilled lizards
  7 kobolds
  A quokka skeleton (D:6)
  A quokka zombie (D:7)
  9 rats
201 creatures vanquished.

Vanquished Creatures (collateral kills)
  2 orc warriors (Bailey)
  An ogre (D:8)
  7 gnolls (Bailey)
  3 orcs (Bailey)
  8 goblins (Bailey)
  7 hobgoblins (Bailey)
28 creatures vanquished.

Vanquished Creatures (others)
  49 fungi (D:8)
  54 plants (D:8)
103 creatures vanquished.

Grand Total: 332 creatures vanquished

Notes
Turn   | Place    | Note
-------+----------+-------------------------------------------
     0 | D:1      | Muumios the Mummy Chaos Knight began the quest for the Orb.
     0 | D:1      | Reached XP level 1. HP: 18/18 MP: 1/1
   166 | D:1      | Reached XP level 2. HP: 23/24 MP: 2/2
   188 | D:1      | XOM: divination: magic mapping
   538 | D:1      | XOM: mild Chrm miscast
   834 | D:2      | XOM: butterfly on damage
   834 | D:2      | XOM: smoke on damage
   855 | D:2      | XOM is BORED!
   855 | D:2      | XOM: harmless Divn miscast
   869 | D:2      | Reached XP level 3. HP: 18/29 MP: 3/3
   883 | D:2      | XOM: mild Air miscast
   962 | D:2      | XOM: harmless Fire miscast
  1002 | D:2      | XOM: mild Air miscast
  1175 | D:2      | XOM: harmless Pois miscast
  1182 | D:2      | Noticed Robin
  1211 | D:2      | XOM: confuse monster(s)
  1214 | D:2      | Killed Robin
  1214 | D:2      | Reached skill level 4 in Fighting
  1246 | D:2      | Reached XP level 4. HP: 36/37 MP: 4/4
  1357 | D:2      | XOM: smoke on damage
  1442 | D:2      | Noticed Terence
  1484 | D:2      | XOM: god gift: 3 fruits
  1669 | D:2      | XOM: god gift: 25 gold pieces
  1684 | D:2      | XOM: mild Divn miscast
  1759 | D:3      | Noticed Ijyb
  1777 | D:3      | Killed Ijyb
  1837 | D:3      | Reached XP level 5. HP: 28/43 MP: 5/5
  1985 | D:3      | XOM: noise
  1991 | D:3      | Reached skill level 5 in Fighting
  1992 | D:3      | Reached XP level 6. HP: 28/51 MP: 6/6
  2258 | D:3      | Noticed lupus83's ghost (amateur MiBe)
  2302 | D:4      | Noticed M4edhros's ghost (amateur OpAr)
  2302 | D:4      | XOM: noise
  2308 | D:4      | XOM: enchant monster (bad)
  2312 | D:4      | Noticed Menkaure
  2314 | D:4      | XOM: confuse monster(s)
  2450 | D:4      | XOM: harmless Summ miscast
  2801 | D:4      | Killed Menkaure
  2801 | D:4      | Reached skill level 6 in Fighting
  2801 | D:4      | Reached XP level 7. HP: 58/58 MP: 7/7
  2927 | D:4      | Found a staircase to the Ecumenical Temple.
  2946 | D:5      | Entered Level 5 of the Dungeon
  2956 | D:5      | XOM: cast spell 'Summon Ice Beast'
  2964 | D:5      | Reached skill level 5 in Polearms
  3042 | D:5      | XOM: confuse monster(s)
  3109 | D:5      | XOM: cloud trail
  3157 | D:5      | XOM: mild Conj miscast
  3217 | D:5      | XOM: silly message
  3332 | D:5      | XOM: harmless Tloc miscast
  3370 | D:5      | Noticed Blork the orc
  3387 | D:6      | XOM: noise
  3388 | D:6      | Reached skill level 7 in Fighting
  3400 | D:6      | XOM: confuse monster(s)
  3406 | D:6      | XOM: confuse monster(s)
  3448 | D:6      | XOM: divination: magic mapping
  3454 | D:6      | XOM: silly message
  3457 | D:6      | Reached XP level 8. HP: 58/67 MP: 8/8
  3639 | D:6      | Found a glowing golden altar of the Shining One.
  3766 | D:6      | Reached skill level 8 in Fighting
  3788 | D:6      | XOM: mild Pois miscast
  3793 | D:6      | XOM: harmless Chrm miscast
  3832 | D:6      | XOM: cast spell 'Summon Small Mammal'
  3833 | D:6      | XOM: potion effect (curing)
  3837 | D:6      | XOM: divination: detect creatures
  3839 | D:6      | XOM: potion effect (brilliance)
  3932 | D:6      | XOM: harmless Tloc miscast
  3954 | D:6      | Found Ehostrayl's Gadget Boutique.
  4007 | D:6      | XOM: potion effect (curing)
  4008 | D:6      | XOM: potion effect (haste)
  4020 | D:6      | XOM: fog
  4035 | D:5      | XOM: god gift: 10 gold pieces
  4118 | D:4      | Found a deep blue altar of Sif Muna.
  4118 | D:4      | Found an opulent altar of Gozag.
  4118 | D:4      | Found an iron altar of Okawaru.
  4118 | D:4      | Found a basalt altar of Yredelemnul.
  4121 | D:4      | Found a snail-covered altar of Cheibriados.
  4160 | D:5      | Noticed a hand axe
  4161 | D:5      | Noticed a dagger
  4164 | D:5      | Found a hide-covered altar of Uskayaw.
  4201 | D:5      | Killed Blork the orc
  4498 | D:4      | XOM: fog
  4502 | D:4      | XOM: harmless Summ miscast
  4510 | D:4      | Found Talyil's Book Shoppe.
  4522 | D:4      | XOM: blink monster(s)
  4742 | D:6      | XOM: chaos cloud
  4931 | D:6      | XOM: 7-stop teleportation journey
  4978 | D:6      | Bought a wand of digging (7/24) for 330 gold pieces
  4980 | D:6      | XOM: noise
  5194 | D:7      | Reached skill level 9 in Fighting
  5194 | D:7      | Reached XP level 9. HP: 67/76 MP: 9/9
  5226 | D:7      | Found a deep blue altar of Sif Muna.
  5253 | D:7      | XOM: 1-stop teleportation journey
  5374 | D:7      | XOM: polymorph dart slug -> adder
  5591 | D:7      | XOM: summons 2 hostile shadow creatures
  5604 | D:7      | XOM: stat loss: -1 Str (14/15)
  5810 | D:7      | XOM: god gift: fustibalus {god gift}
  5945 | D:8      | Found a flagged portal.
  5945 | D:8      | XOM: noise
  5954 | Bailey   | Entered a bailey
  5976 | Bailey   | XOM: mild Divn miscast
  6161 | Bailey   | Noticed an orc knight
  6182 | Bailey   | Reached skill level 1 in Dodging
  6220 | D:8      | Noticed Maurice
  6306 | D:8      | XOM: cast spell 'Ring of Flames'
  6335 | D:8      | Found a glowing golden altar of the Shining One.
  6340 | D:8      | Noticed Joseph
  6351 | D:8      | XOM: destruction
  6358 | D:8      | XOM: scenery: create altars
  6361 | D:8      | Killed Joseph
  6361 | D:8      | Reached skill level 10 in Fighting
  6425 | D:8      | XOM: summons 2 friendly demons
  6752 | D:8      | XOM: potion effect (haste)
  6769 | D:8      | Noticed Prince Ribbit
  6800 | D:8      | XOM: silly message
  6821 | D:8      | Noticed Erica
  6829 | D:8      | XOM: potion effect (agility)
  7072 | D:9      | XOM: cloud trail
  7096 | D:9      | Found a white marble altar of Elyvilon.
  7104 | D:9      | XOM: potion effect (might)
  7110 | D:9      | XOM: swap monsters
  7125 | D:9      | XOM: noise
  7135 | D:9      | Reached XP level 10. HP: 22/86 MP: 10/10
  7147 | D:10     | Entered Level 10 of the Dungeon
  7276 | D:10     | XOM: 1-stop teleportation journey
  7279 | D:10     | XOM: mild Necr miscast
  7283 | D:10     | XOM: divination: detect items
  7365 | D:10     | XOM: noise
  7633 | D:9      | XOM: harmless Hex miscast
  7642 | D:9      | XOM: enchant monster (bad)
  7654 | D:9      | HP: 4/86 [slime creature (11)]
  8050 | D:9      | XOM: fog
  8084 | D:9      | XOM: confuse monster(s)
  8093 | D:9      | XOM: cast spell 'Summon Butterflies'
  8099 | D:9      | XOM: destruction
  8209 | D:9      | XOM: confuse monster(s)
  8239 | D:8      | Found a staircase to the Lair.
  8282 | D:8      | XOM: enchant monster (bad)
  8299 | D:8      | Reached skill level 11 in Fighting
  8302 | D:8      | Slain by a porcupine

Vault maps used:
D:1:      saegor_arrival_simple_a
D:2:      kennysheep_big_flooded_room, uniq_robin, uniq_terence
D:3:      kennysheep_another_room, uniq_iyjb, uniq_jessica
D:4:      nicolae_overflow_hidden_temple, serial_shops,
          nicolae_shop_behind_doors, uniq_menkaure
D:5:      dancing_weapons_uskayaw, first_bread, uniq_blork_the_orc
D:6:      serial_shops, nicolae_shop_statue_plus, minivault_22, tso_altar
D:7:      kennysheep_slugbush, minmay_misc_feat_square, lemuel_statue_altar
D:8:      due_lair_maze_entry_diamond, basic_altar, enter_bailey_2,
          grunt_pizzeria, uniq_erica, uniq_maurice, uniq_joseph,
          uniq_prince_ribbit1
D:9:      basic_altar
Bailey:   bailey_axe_minmay_hex_keep, bailey

Skill      XL: |  1  2  3  4  5  6  7  8  9 10 |
---------------+-------------------------------+-----
Polearms       | 3 4 5 7 8 9 |  9.3
Fighting       | 4 5 6 7 9 10 11 | 11.0
Dodging        | 2 3 |  3.3
Armour         | |  1.5

Action                   |  1- 3 |  4- 6 |  7- 9 | 10-12 || total
-------------------------+-------+-------+-------+-------++-------
Melee: Spear             |   126 |   174 |   563 |   127 ||   990
Evoke: Wand              |       |     3 |    13 |     8 ||    24
  Use: Scroll            |     2 |     4 |     9 |     1 ||    16
 Stab: Paralysed         |       |     6 |     8 |       ||    14
       Distracted        |       |       |     2 |       ||     2
       Sleeping          |       |       |     1 |     1 ||     2
       Confused          |       |       |       |     6 ||     6
Armor: Leather armour    |    27 |    52 |   131 |    20 ||   230
Dodge: Dodged            |    43 |    65 |   231 |    57 ||   396
